 Dungeon Crawl Stone Soup version 0.28-a0-2-g643f2454ad (webtiles) character file.

Game seed: 12015076846462552304

49 Zonian the Conjurer (level 3, -2/16 HPs)
             Began as a Vine Stalker Conjurer on July 23, 2021.
             Was a Follower of Wu Jian.
             Slain by a goblin (4 damage)
             ... led by Robin
             ... on level 2 of the Dungeon.
             The game lasted 00:02:30 (1555 turns).

Zonian the Conjurer (Vine Stalker Conjurer)         Turns: 1555, Time: 00:02:31

Health: -2/16      AC:  2    Str:  9    XL:     3   Next: 75%
Magic:  0/7        EV: 12    Int: 19    God:    Wu Jian [*.....]
Gold:   63         SH:  0    Dex: 12    Spells: 5/6 levels left

rFire   . . .      SeeInvis .   f - +1 short sword
rCold   . . .      Faith    .   (no shield)
rNeg    . . .      Spirit   +   a - +0 robe
rPois   .          Reflect  .   (no helmet)
rElec   .          Harm     .   (no cloak)
rCorr   .          Rampage  .   (no gloves)
Will    .....                   (no boots)
Stlth   ++........              (no amulet)
HPRegen 0.05/turn               (no ring)
MPRegen 0.10/turn               (no ring)

@: no status effects
A: fangs 2, magic shield, antimagic bite, no potion heal 2
a: Renounce Religion


You were on level 2 of the Dungeon.
You worshipped Wu Jian.
Wu Jian was aware of your devotion.
You visited 1 branch of the dungeon, and saw 2 of its levels.

You collected 63 gold pieces.

Inventory:

Hand Weapons
 f - a +1 short sword (weapon)
Armour
 a - a +0 robe (worn)
Scrolls
 d - a scroll of silence {unknown}
Potions
 b - a potion of invisibility {unknown}
 e - a potion of cancellation {unknown}


   Skills:
 + Level 0.2 Fighting
 + Level 0.4 Short Blades
 + Level 1.6 Dodging
 + Level 2.8 Stealth
 - Level 0.8 Unarmed Combat
 + Level 2.4 Spellcasting
 + Level 4.6 Conjurations


You had 5 spell levels left.
You knew the following spells:

 Your Spells              Type           Power      Damage    Failure   Level
a - Magic Dart            Conj           80%        1d7       2%          1

Your spell library contained the following spells:

 Spells                   Type           Power      Damage    Failure   Level
 Searing Ray              Conj           40%        3d4       3%          2
 Dazzling Flash           Conj/Hex       22%        N/A       19%         3
 Fulminant Prism          Conj/Hex       5%         3d7       52%         4
 Iskenderun's Mystic Bla  Conj/Tloc      11%        2d4       52%         4


Dungeon Overview and Level Annotations

Branches:
Dungeon (2/15)

Altars:
Wu Jian

Annotations:
D:2 Robin


Innate Abilities, Weirdness & Mutations

You have extremely sharp teeth.
When hurt, damage is shared between your health and your magic reserves.
Your bite disrupts and absorbs the magic of your enemies.
Potions cannot restore your health.


Message History

You kill the goblin!
The Council accepts your kill.
You hit the goblin.
You kill the goblin!
The Council accepts your kill.
A hobgoblin and Robin come into view.
Robin roars a battlecry!
The hobgoblin goes into a battle-frenzy!
You hear a shout!
Things that are here:
a +0 dagger; a +0 club; a goblin corpse 5 goblins and 2 hobgoblins come into view.
The hobgoblin shouts!
Robin throws the goblin at you!
Unknown command.
As you read the scroll labelled SUWUIZ LOUC, it crumbles to dust.
It is a scroll of enchant weapon.
Your +0 short sword glows red for a moment.
A goblin comes into view. It is wielding a +0 dagger.
The goblin hits you with a +0 club. The goblin hits you with a +0 dagger.
Unknown command.
You hit the goblin.
You kill the goblin!
The Council accepts your kill. The goblin barely misses you.
Items here: ))) †.
Unknown command.
Robin throws the goblin at you!
You see here a +0 club.
Unknown command.
You closely miss the goblin. Your bite misses the goblin.
The goblin hits you but does no damage. The goblin hits you with a +0 club.
* * * LOW HITPOINT WARNING * * *
You closely miss the goblin. You bite the goblin. You drain its power.
You feel invigorated.
The goblin is moderately wounded.
The goblin hits you with a +0 club.
* * * LOW HITPOINT WARNING * * *
The goblin hits you with a +0 club.
You die...

..................#.#
.#†#†...............#
.#.#.#####........#
.#.#.#####.......#.+
.#.#.....<.........#
.#...........#######
.#########>..# <#
#.#(#######
.#########.#...g@gg#
...........########g#
############


.gg # g.## # ggg # #.## # .# # .# # You could see Robin, a hobgoblin (strong)
and 2 goblins.

Vanquished Creatures
  An adder (D:2)
  2 ball pythons (D:1)
  4 bats (D:1)
  4 endoplasms (D:1)
  A giant cockroach (D:1)
  7 goblins
  A hobgoblin (D:1)
  3 jackals (D:2)
  3 kobolds
  A quokka (D:1)
  5 frilled lizards (D:1)
  2 rats (D:1)
34 creatures vanquished.

Notes
Turn   | Place    | Note
-------+----------+-------------------------------------------
     0 | D:1      | Zonian the Vine Stalker Conjurer began the quest for the
                  | Orb.
     0 | D:1      | Reached XP level 1. HP: 9/9 MP: 4/4
   187 | D:1      | Reached XP level 2. HP: 6/13 MP: 4/6
   850 | D:1      | Reached XP level 3. HP: 12/16 MP: 0/7
  1059 | D:1      | Found a faded altar of an unknown god.
  1071 | D:1      | Became a worshipper of the Wu Jian Council
  1071 | D:1      | Reached * piety under Wu Jian
  1548 | D:2      | Noticed Robin
  1555 | D:2      | Slain by a goblin

Illustrated notes

Levels and vault maps discovered:
D:1:      scummos_arrival_forest, layout_rooms,
          chequers_ecumenical_altar_twisty, chequers_serial_rivers_room_a
D:2:      minmay_chambers_of_twos, layout_loops_ring, serial_rivers,
          chequers_serial_rivers_micro_e, chequers_serial_rivers_small_a,
          chequers_serial_rivers_room_a, chequers_serial_rivers_small_3,
          chequers_serial_rivers_room_a, chequers_serial_rivers_micro_e,
          uniq_robin

Action                   || total
-------------------------++-------
Melee: Unarmed           ||    31
       Bite              ||    11
       Short sword       ||    18
 Cast: Magic Dart        ||    47
Invok: Lunge             ||     3
       Whirlwind         ||     1
  Use: Scroll            ||     1
 Stab: Sleeping          ||     1
Armor: Robe              ||    12
Dodge: Dodged            ||    30

Table legend: (Time is in decaauts)
 A = Elapsed time spent in this place.
 B = Non-inter-level travel time spent in this place.
 C = Inter-level travel time spent in this place.
 D = Time resting spent in this place.
 E = Time spent auto-exploring this place.
 F = Levels seen in this place.
 G = Mean time per level.
                   A        B        C        D        E       F      G
               +--------+--------+--------+--------+--------+-----+--------+
         Total |   1556 |   1503 |     53 |    392 |    926 |   2 |  778.0 |
       Dungeon |   1556 |   1503 |     53 |    392 |    926 |   2 |  778.0 |
               +--------+--------+--------+--------+--------+-----+--------+

Top non-repeatable levels by time:
     D:1: 1317 daAuts
     D:2: 238 daAuts
